Map: Abiogenesis LE

Players

Stoned

  • Race: Protoss Protoss
  • League: Platinum
  • Spawn Location: 11:00

Test - Winner!

  • Race: Terran Terran
  • Spawn Location: 5:00

VOD

Have the link to the VOD?

Description

Time

  • Played on: May 13, 2018, 11:25 a.m.
  • Length: 10:56
Show
View Real Time Build Order
Export as new Build Order

Stoned Protoss 

Build Orders:  

Get SALT Encoding   

  1  0:00  Probe  
  12  0:07  Probe  
  14  0:21  Pylon  
  14  0:27  Probe  
  15  0:39  Probe  
  16  0:45  Forge  
  16  0:51  Probe  
  16  0:53  Assimilator  
  17  1:03  Probe  
  18  1:13  Pylon  
  18  1:18  Gateway  
  18  1:22  Probe  
  18  1:30  Assimilator, Probe  
  20  1:40  Probe  
  20  1:43  Photon Cannon  
  21  1:51  Photon Cannon  
  21  1:58  Probe  
  22  2:04  Pylon  
  22  2:06  Probe  
  22  2:11  Zealot  
  22  2:14  Probe  
  26  2:37  Cybernetics Core  
  26  2:40  Pylon  
  26  2:41  Photon Cannon  
  26  2:53  Probe  
  27  2:59  Zealot  
  29  3:06  Probe  
  30  3:18  Probe  
  31  3:26  Protoss Air Weapons Level 1  
  31  3:29  Pylon  
  31  3:30  Probe  
  32  3:41  Stargate  
  32  3:42  Probe  
  33  3:49  Nexus  
  33  3:53  Assimilator  
  33  3:57  Assimilator  
  33  4:03  Probe  
  33  4:08  Stalker  
  36  4:15  Probe  
  37  4:17  Photon Cannon  
  37  4:28  Photon Cannon  
  37  4:39  Oracle  
  37  4:44  Stargate  
  40  4:50  Stalker  
  42  4:56  Shield Battery  
  42  5:03  Photon Cannon  
  42  5:11  Photon Cannon  
  42  5:26  Pylon  
  40  5:31  Shield Battery  
  34  5:35  Photon Cannon  
  34  5:39  Photon Cannon  
  34  5:47  Pylon  
  10  7:01  Nexus  
  6  7:19  Pylon  
  6  8:16  Forge  
  6  8:23  Gateway  
  6  8:33  Probe  
  7  8:41  Probe  
  8  8:49  Probe  
  9  9:01  Probe  
  9  9:13  Probe  
  10  9:23  Probe  
  11  9:38  Probe  
Show
View Real Time Build Order
Export as new Build Order

Test Terran - Winner!

Build Orders:  

Get SALT Encoding   

  12  0:01  SCV  
  13  0:15  Supply Depot  
  13  0:18  SCV  
  14  0:29  Refinery  
  14  0:30  SCV  
  15  0:42  SCV  
  16  0:50  Barracks  
  16  1:14  SCV, Barracks  
  17  1:26  SCV  
  18  1:39  Engineering Bay  
  19  1:40  Barracks Reactor  
  19  1:47  SCV  
  19  1:48  Barracks  
  19  1:59  SCV  
  20  2:03  Barracks Reactor  
  20  2:12  SCV, Refinery  
  21  2:16  Marine  
  21  2:17  Marine  
  23  2:32  Orbital Command  
  23  2:37  Barracks Reactor  
  23  2:46  Supply Depot  
  23  2:49  Supply Depot  
  23  2:55  Terran Infantry Weapons Level 1  
  23  3:07  Marine x2  
  23  3:08  Marine x2  
  27  3:17  Marine x2  
  29  3:25  Marine x3  
  29  3:26  Marine  
  31  3:35  Marine x2  
  33  3:43  Marine x3  
  33  3:44  Marine  
  37  3:51  Supply Depot  
  37  3:52  Marine  
  37  3:54  Marine  
  39  4:03  Supply Depot  
  39  4:12  Marine, SCV  
  41  4:17  Supply Depot  
  41  4:21  Marine x2  
  43  4:24  Marine  
  43  4:28  Marine  
  43  4:29  Marine  
  46  4:32  Marine  
  47  4:39  Marine x2  
  47  4:53  Marine x4  
  47  4:56  Marine  
  47  4:57  Marine  
  53  5:01  Terran Infantry Armor Level 1  
  53  5:09  Supply Depot  
  53  5:11  Marine  
  53  5:13  Marine x2  
  56  5:15  Marine  
  56  5:18  Marine  
  53  5:39  Marine x2  
  53  5:40  Marine  
  51  5:54  Marine x2  
  53  5:59  Marine x4  
  57  6:11  Missile Turret  
  57  6:12  Marine x2  
  57  6:17  Marine x2  
  51  7:01  Marine x2  
  53  7:10  Missile Turret  
  53  7:27  Marine x4  
  53  7:29  Marine  
  58  7:50  Marine x2  
  58  7:51  Marine x3  
  63  8:07  Marine  
  63  8:08  Marine x2  
  67  8:18  Marine  
  67  8:36  Marine  
  67  8:37  Marine x3  
  71  8:54  Barracks Tech Lab  
  71  9:00  Marine  
  70  9:24  Command Center  
  70  9:37  SCV  
  71  9:47  Factory  
  71  9:54  SCV  
  71  10:17  Missile Turret  
  71  10:35  Marine x5, SCV  
Tags
 
Add a new tag
Caveats
  • Supply blocks, unpowered buildings, or Contaminate may cause inaccurate times.
  • Supply counts are checked every 10 seconds.